General information
- name: BNet
- type: Ladder team game (AT/RT)
- host: Battle.net
- saver: |c005FB404Shrek
map: TwilightRuins
- players: 8
- length: 39:15
- speed: Fast
- version: 1.27 W3XP
- replay type: Public
» download(224 KB)
Players
team 1 (winner)

»
EverGreen (
orange | 70 APM | 2761 actions | 39:14)
8 Demon Hunter
3 Mana Burn
2 Evasion
1 Metamorphosis
2 Immolation
» actions
| Assign group hotkey | 79 | |
| Basic commands | 163 | |
| Build / train | 93 | |
| ESC pressed | 5 | |
| Enter build submenu | 31 | |
| Enter hero's abilities submenu | 8 | |
| Give item / drop item | 1 | |
| Remove unit from queue | 7 | |
| Right click | 863 | |
| Select / deselect | 423 | |
| Select group hotkey | 1005 | |
| Use ability | 83 | |
2761 total
» units
| Wisp | 25 | |
| Archer | 8 | |
| Goblin Shredder | 3 | |
| Chimaera | 12 | |
| Hippogryph | 7 | |
55 total
» upgrades
| Strength of the Wild | 3 | |
| Reinforced Hides | 3 | |
| Corrosive Breath | 1 | |
| Nature's Blessing | 1 | |
| Well Spring | 1 | |
| Ultravision | 1 | |
10 total
» buildings
| Altar of Elders | 1 | |
| Moon Well | 9 | |
| Ancient of War | 1 | |
| Tree of Life | 4 | |
| Tree of Ages | 2 | |
| Hunter's Hall | 1 | |
| Tree of Eternity | 1 | |
| Ancient of Wind | 10 | |
| Chimaera Roost | 4 | |
| Ancient of Wonders | 1 | |
34 total
» build order
00:07 Altar of Elders
00:19 Moon Well
00:25 Ancient of War
01:28 Moon Well
01:31 Moon Well
03:40 Tree of Life
04:01 Tree of Ages
04:02 Tree of Ages
04:15 Hunter's Hall
04:35 Moon Well
06:26 Tree of Eternity
06:28 Ancient of Wind
06:33 Ancient of Wind
06:35 Ancient of Wind
06:37 Ancient of Wind
08:59 Chimaera Roost
09:17 Chimaera Roost
09:23 Chimaera Roost
10:23 Moon Well
10:28 Moon Well
10:58 Ancient of Wonders
12:14 Moon Well
12:29 Moon Well
14:55 Moon Well
15:02 Chimaera Roost
15:49 Tree of Life
19:54 Tree of Life
20:42 Ancient of Wind
20:57 Ancient of Wind
20:58 Ancient of Wind
21:05 Ancient of Wind
21:05 Ancient of Wind
21:19 Ancient of Wind
22:25 Tree of Life
» items
| Scroll of Town Portal | 1 | |
| Staff of Teleportation | 1 | |
| Orb of Venom | 1 | |
| Claws of Attack +6 | 1 | |
4 total
Ultimatium (
purple | 52 APM | 1174 actions | 22:47)
8 Demon Hunter
3 Mana Burn
3 Evasion
1 Metamorphosis
1 Immolation
» actions
| Assign group hotkey | 13 | |
| Basic commands | 62 | |
| Build / train | 102 | |
| ESC pressed | 2 | |
| Enter build submenu | 21 | |
| Enter hero's abilities submenu | 8 | |
| Give item / drop item | 3 | |
| Right click | 428 | |
| Select / deselect | 249 | |
| Select group hotkey | 232 | |
| Use ability | 54 | |
1174 total
» units
| Wisp | 19 | |
| Archer | 7 | |
| Hippogryph | 37 | |
| Chimaera | 9 | |
72 total
» upgrades
| Strength of the Wild | 3 | |
| Reinforced Hides | 3 | |
| Corrosive Breath | 1 | |
| Ultravision | 1 | |
| Well Spring | 1 | |
9 total
» buildings
| Moon Well | 9 | |
| Ancient of War | 1 | |
| Altar of Elders | 1 | |
| Ancient of Wonders | 1 | |
| Tree of Ages | 1 | |
| Tree of Life | 1 | |
| Hunter's Hall | 1 | |
| Tree of Eternity | 1 | |
| Ancient of Wind | 1 | |
| Chimaera Roost | 3 | |
20 total
» build order
00:34 Moon Well
00:54 Ancient of War
01:10 Altar of Elders
01:26 Moon Well
01:52 Moon Well
02:24 Ancient of Wonders
03:58 Tree of Ages
04:31 Tree of Life
05:13 Moon Well
05:57 Moon Well
06:00 Hunter's Hall
06:23 Tree of Eternity
06:25 Ancient of Wind
09:01 Chimaera Roost
09:01 Chimaera Roost
09:02 Chimaera Roost
12:42 Moon Well
12:50 Moon Well
12:54 Moon Well
13:11 Moon Well
» items
| Potion of Healing | 4 | |
| Ring of Protection +2 | 1 | |
| Scroll of Town Portal | 2 | |
| Orb of Venom | 1 | |
8 total
|c005FB404Shrek (
red | 60 APM | 2337 actions | 39:15)
7 Blademaster
3 Wind Walk
3 Critical Strike
1 Bladestorm
» actions
| Assign group hotkey | 54 | |
| Basic commands | 244 | |
| Build / train | 93 | |
| Enter build submenu | 39 | |
| Enter hero's abilities submenu | 7 | |
| Give item / drop item | 5 | |
| Remove unit from queue | 1 | |
| Right click | 814 | |
| Select / deselect | 430 | |
| Select group hotkey | 485 | |
| Use ability | 165 | |
2337 total
» units
| Peon | 18 | |
| Grunt | 4 | |
| Goblin Shredder | 1 | |
| Goblin Sapper | 14 | |
| Goblin Zeppelin | 3 | |
| Wind Rider | 3 | |
43 total
» upgrades
| Armor | 3 | |
| Ranged Weapons | 3 | |
| Reinforced Defenses | 1 | |
| Troll Regeneration | 1 | |
| Envenomed Spears | 1 | |
| Burning Oil | 1 | |
| Spiked Barricades | 2 | |
| Melee Weapons | 1 | |
| Ensnare | 1 | |
| Liquid Fire | 1 | |
| War Drums Damage Increase | 1 | |
| Pillage | 1 | |
| Berserker Upgrade | 1 | |
| Berserker Strength | 1 | |
19 total
» buildings
| Orc Burrow | 6 | |
| Altar of Storms | 1 | |
| Barracks | 1 | |
| Voodoo Lounge | 1 | |
| War Mill | 2 | |
| Stronghold | 1 | |
| Great Hall | 3 | |
| Watch Tower | 25 | |
| Fortress | 1 | |
| Beastiary | 4 | |
45 total
» build order
00:14 Orc Burrow
00:51 Altar of Storms
00:51 Barracks
01:08 Orc Burrow
01:45 Voodoo Lounge
02:52 War Mill
03:57 Orc Burrow
04:31 Stronghold
04:48 Great Hall
05:25 Watch Tower
05:25 Watch Tower
05:51 Watch Tower
05:51 Watch Tower
06:21 Watch Tower
06:32 Watch Tower
06:35 Watch Tower
07:04 Watch Tower
07:05 Watch Tower
07:42 Fortress
08:41 Orc Burrow
08:45 Watch Tower
08:46 Watch Tower
09:06 War Mill
10:43 Watch Tower
10:43 Watch Tower
12:32 Beastiary
12:35 Beastiary
12:37 Beastiary
14:20 Beastiary
17:46 Watch Tower
17:47 Watch Tower
17:53 Watch Tower
17:56 Watch Tower
17:57 Watch Tower
17:58 Watch Tower
18:00 Watch Tower
18:02 Watch Tower
18:03 Watch Tower
18:05 Watch Tower
18:06 Watch Tower
18:07 Watch Tower
18:41 Orc Burrow
18:44 Orc Burrow
20:24 Great Hall
21:53 Great Hall
» items
| Healing Salve | 6 | |
| Potion of Healing | 3 | |
| Scroll of Town Portal | 3 | |
| Orb of Lightning | 1 | |
| Potion of Mana | 2 | |
| Lesser Clarity Potion | 1 | |
| Staff of Teleportation | 1 | |
| Tiny Great Hall | 1 | |
| Periapt of Vitality | 1 | |
| Potion of Lesser Invulnerability | 1 | |
20 total
|c00DA81FFlamee (
blue | 46 APM | 1742 actions | 37:54)
4 Blademaster
2 Wind Walk
2 Critical Strike
» actions
| Assign group hotkey | 31 | |
| Basic commands | 121 | |
| Build / train | 65 | |
| Enter build submenu | 24 | |
| Enter hero's abilities submenu | 4 | |
| Give item / drop item | 7 | |
| Remove unit from queue | 3 | |
| Right click | 707 | |
| Select / deselect | 284 | |
| Select group hotkey | 414 | |
| Use ability | 82 | |
1742 total
» units
| Peon | 10 | |
| Wind Rider | 14 | |
| Goblin Shredder | 2 | |
| Raider | 1 | |
27 total
» upgrades
| Reinforced Defenses | 1 | |
| Envenomed Spears | 1 | |
| Ranged Weapons | 2 | |
| Armor | 2 | |
6 total
» buildings
| Altar of Storms | 1 | |
| Orc Burrow | 7 | |
| Voodoo Lounge | 1 | |
| War Mill | 1 | |
| Watch Tower | 18 | |
| Stronghold | 2 | |
| Beastiary | 4 | |
| Great Hall | 1 | |
| Fortress | 5 | |
40 total
» build order
00:06 Altar of Storms
00:21 Orc Burrow
00:52 Voodoo Lounge
01:05 War Mill
01:39 Orc Burrow
02:30 Watch Tower
02:43 Watch Tower
03:30 Stronghold
03:43 Orc Burrow
03:44 Orc Burrow
04:12 Watch Tower
04:32 Watch Tower
05:29 Watch Tower
06:09 Beastiary
06:28 Beastiary
07:21 Great Hall
08:09 Watch Tower
08:09 Watch Tower
08:11 Watch Tower
08:11 Watch Tower
08:41 Fortress
08:41 Fortress
08:42 Fortress
10:14 Watch Tower
10:15 Watch Tower
10:15 Watch Tower
10:16 Watch Tower
10:16 Watch Tower
12:30 Watch Tower
12:33 Watch Tower
13:44 Watch Tower
13:44 Watch Tower
16:29 Beastiary
16:34 Orc Burrow
16:34 Orc Burrow
16:37 Beastiary
17:17 Orc Burrow
» items
| Healing Salve | 2 | |
| Lesser Clarity Potion | 2 | |
| Staff of Teleportation | 1 | |
| Potion of Lesser Invulnerability | 2 | |
| Orb of Lightning | 1 | |
| Scroll of Town Portal | 3 | |
| Boots of Speed | 1 | |
| Potion of Invisibility | 1 | |
| Periapt of Vitality | 1 | |
14 total
team 2 (loser)

»
superod (
teal | 42 APM | 564 actions | 13:24)
4 Far Seer
2 Feral Spirit
2 Chain Lighting
» actions
| Assign group hotkey | 17 | |
| Basic commands | 9 | |
| Build / train | 52 | |
| ESC pressed | 1 | |
| Enter build submenu | 19 | |
| Enter hero's abilities submenu | 4 | |
| Give item / drop item | 3 | |
| Right click | 144 | |
| Select / deselect | 155 | |
| Select group hotkey | 114 | |
| Use ability | 46 | |
564 total
» units
| Peon | 9 | |
| Grunt | 6 | |
| Goblin Shredder | 1 | |
| Troll Witch Doctor | 4 | |
| Shaman | 4 | |
| Kodo Beast | 1 | |
| Tauren | 2 | |
| Wind Rider | 3 | |
30 total
» upgrades
| Witch Doctor Training | 2 | |
| Shaman Training | 2 | |
| Pulverize | 1 | |
5 total
» buildings
| Altar of Storms | 1 | |
| Orc Burrow | 8 | |
| Barracks | 1 | |
| Voodoo Lounge | 1 | |
| Stronghold | 1 | |
| War Mill | 1 | |
| Great Hall | 1 | |
| Fortress | 1 | |
| Spirit Lodge | 2 | |
| Beastiary | 2 | |
| Tauren Totem | 1 | |
20 total
» build order
00:07 Altar of Storms
00:09 Orc Burrow
00:52 Barracks
01:35 Orc Burrow
01:45 Voodoo Lounge
03:57 Stronghold
04:08 Orc Burrow
04:10 War Mill
04:30 Orc Burrow
05:24 Great Hall
06:44 Fortress
07:04 Spirit Lodge
07:29 Spirit Lodge
08:19 Orc Burrow
08:53 Beastiary
09:09 Tauren Totem
09:13 Orc Burrow
10:50 Orc Burrow
11:13 Orc Burrow
12:55 Beastiary
» items
| Healing Salve | 3 | |
| Potion of Healing | 1 | |
| Lesser Clarity Potion | 2 | |
| Dust of Appearance | 1 | |
| Scroll of Town Portal | 1 | |
| Potion of Lesser Invulnerability | 1 | |
| Scroll of Healing | 1 | |
10 total
imnumber2 (
pink | 58 APM | 946 actions | 16:17)
3 Keeper of the Grove
1 Force of Nature
1 Thorns Aura
1 Entangling Roots
1 Priestess of the Moon
1 Scout
» actions
| Assign group hotkey | 6 | |
| Basic commands | 16 | |
| Build / train | 77 | |
| ESC pressed | 4 | |
| Enter build submenu | 35 | |
| Enter hero's abilities submenu | 4 | |
| Remove unit from queue | 3 | |
| Right click | 392 | |
| Select / deselect | 282 | |
| Select group hotkey | 42 | |
| Use ability | 85 | |
946 total
» units
| Wisp | 38 | |
| Huntress | 7 | |
| Dryad | 7 | |
| Hippogryph | 4 | |
| Archer | 2 | |
58 total
» upgrades
| Strength of the Moon | 2 | |
| Moon Armor | 1 | |
| Sentinel | 1 | |
4 total
» buildings
| Moon Well | 9 | |
| Altar of Elders | 1 | |
| Hunter's Hall | 1 | |
| Ancient of Wonders | 1 | |
| Ancient of War | 2 | |
| Ancient Protector | 8 | |
| Tree of Life | 3 | |
| Tree of Ages | 1 | |
| Ancient of Wind | 3 | |
| Ancient of Lore | 2 | |
31 total
» build order
00:20 Moon Well
00:32 Altar of Elders
01:14 Hunter's Hall
01:38 Ancient of Wonders
01:58 Ancient of War
02:19 Moon Well
02:34 Ancient of War
03:31 Ancient Protector
03:49 Ancient Protector
04:04 Ancient Protector
06:02 Tree of Life
06:07 Tree of Life
06:40 Tree of Ages
09:08 Moon Well
10:03 Ancient Protector
10:41 Ancient Protector
10:42 Ancient Protector
10:43 Ancient Protector
10:51 Moon Well
11:00 Moon Well
11:04 Ancient Protector
11:38 Ancient of Wind
11:43 Ancient of Lore
12:49 Moon Well
12:51 Moon Well
12:51 Moon Well
12:52 Moon Well
13:19 Ancient of Wind
13:23 Ancient of Lore
13:33 Ancient of Wind
14:37 Tree of Life
» items
| Lesser Clarity Potion | 1 | |
| Dust of Appearance | 2 | |
| Scroll of Town Portal | 1 | |
| Potion of Healing | 1 | |
5 total
|c00e6ac00Greed (
yellow | 87 APM | 3431 actions | 39:14)
7 Archmage
2 Summon Water Elemental
2 Brilliance Aura
2 Blizzard
1 Mass Teleport
5 Blood Mage
3 Flame Strike
2 Banish
» actions
| Assign group hotkey | 156 | |
| Basic commands | 53 | |
| Build / train | 195 | |
| ESC pressed | 11 | |
| Enter build submenu | 65 | |
| Enter hero's abilities submenu | 12 | |
| Give item / drop item | 8 | |
| Right click | 1058 | |
| Select / deselect | 548 | |
| Select group hotkey | 1081 | |
| Use ability | 244 | |
3431 total
» units
| Peasant | 25 | |
| Footman | 6 | |
| Goblin Shredder | 8 | |
| Dragonhawk Rider | 6 | |
| Gryphon Rider | 3 | |
| Sorceress | 1 | |
| Flying Machine | 9 | |
| Siege Engine | 2 | |
60 total
» upgrades
| Masonry | 3 | |
| Swords | 3 | |
| Armor | 3 | |
| Sorceress Training | 2 | |
| Storm Hammers | 1 | |
| Cloud | 1 | |
| Animal War Training | 1 | |
| Priest Training | 2 | |
| Reinforced Defenses | 1 | |
| Plating | 3 | |
| Gunpowder | 3 | |
| Flak Cannons | 1 | |
| Flying Machine Bombs | 1 | |
| Barrage | 1 | |
| Flare | 2 | |
| Magic Sentry | 1 | |
| Fragmentation Shards | 1 | |
| Long Rifles | 1 | |
| Defend | 1 | |
| Backpack | 1 | |
| Control Magic | 1 | |
| Lumber Harvesting | 2 | |
36 total
» buildings
| Altar of Kings | 1 | |
| Barracks | 1 | |
| Farm | 14 | |
| Arcane Vault | 1 | |
| Lumber Mill | 2 | |
| Town Hall | 6 | |
| Keep | 2 | |
| Scout Tower | 28 | |
| Blacksmith | 1 | |
| Arcane Tower | 1 | |
| Guard Tower | 28 | |
| Castle | 2 | |
| Gryphon Aviary | 2 | |
| Arcane Sanctum | 1 | |
| Watch Tower | 2 | |
| Workshop | 5 | |
97 total
» build order
01:14 Altar of Kings
01:18 Barracks
01:20 Farm
01:21 Farm
01:24 Farm
01:52 Arcane Vault
02:23 Lumber Mill
02:31 Farm
04:15 Town Hall
05:10 Keep
05:10 Keep
05:42 Scout Tower
05:43 Scout Tower
05:58 Scout Tower
06:35 Blacksmith
07:01 Arcane Tower
07:02 Guard Tower
07:02 Guard Tower
07:02 Guard Tower
07:03 Guard Tower
07:31 Castle
07:38 Gryphon Aviary
07:39 Gryphon Aviary
07:45 Arcane Sanctum
09:06 Farm
11:45 Scout Tower
11:47 Scout Tower
11:48 Scout Tower
11:49 Scout Tower
11:52 Scout Tower
12:49 Guard Tower
12:50 Guard Tower
12:50 Guard Tower
13:58 Watch Tower
13:59 Watch Tower
14:11 Scout Tower
14:11 Scout Tower
14:12 Scout Tower
14:13 Scout Tower
14:14 Scout Tower
15:08 Scout Tower
15:09 Scout Tower
15:10 Scout Tower
15:12 Scout Tower
15:13 Scout Tower
15:14 Scout Tower
16:01 Guard Tower
16:02 Guard Tower
16:02 Guard Tower
16:06 Workshop
16:08 Workshop
16:10 Workshop
16:11 Workshop
16:13 Workshop
16:16 Guard Tower
18:04 Farm
18:04 Farm
18:08 Farm
18:08 Farm
18:11 Farm
18:13 Farm
18:14 Farm
18:37 Farm
18:38 Farm
19:38 Scout Tower
19:38 Scout Tower
19:39 Scout Tower
19:40 Scout Tower
20:09 Guard Tower
20:13 Scout Tower
20:13 Scout Tower
20:14 Scout Tower
20:15 Scout Tower
20:38 Guard Tower
20:38 Guard Tower
20:39 Guard Tower
20:39 Guard Tower
21:06 Guard Tower
21:07 Guard Tower
21:07 Guard Tower
21:07 Guard Tower
21:11 Town Hall
22:36 Town Hall
22:38 Scout Tower
23:00 Town Hall
23:53 Lumber Mill
24:33 Guard Tower
24:33 Guard Tower
24:33 Guard Tower
24:33 Guard Tower
26:18 Town Hall
28:52 Town Hall
» items
| Mechanical Critter | 4 | |
| Scroll of Regeneration | 4 | |
| Periapt of Vitality | 3 | |
| Staff of Teleportation | 2 | |
| Potion of Invisibility | 2 | |
| Staff of Sanctuary | 1 | |
| Tome of Retraining | 1 | |
| Scroll of Town Portal | 1 | |
| Pendant of Energy | 1 | |
| Potion of Greater Mana | 1 | |
20 total
homelessbob (
green | 57 APM | 924 actions | 16:11)
4 Crypt Lord
2 Carrion Beetles
1 Impale
1 Spiked Carapace
1 Death Knight
1 Death Coil
1 Dreadlord
1 Vampiric Aura
» actions
| Assign group hotkey | 100 | |
| Basic commands | 42 | |
| Build / train | 86 | |
| Enter build submenu | 18 | |
| Enter hero's abilities submenu | 6 | |
| Right click | 283 | |
| Select / deselect | 165 | |
| Select group hotkey | 191 | |
| Use ability | 33 | |
924 total
» units
| Acolyte | 11 | |
| Ghoul | 10 | |
| Crypt Fiend | 13 | |
| Necromancer | 5 | |
39 total
» upgrades
| Creature Attack | 3 | |
| Creature Carapace | 3 | |
| Web | 1 | |
| Skeletal Longevity | 1 | |
| Necromancer Training | 1 | |
9 total
» buildings
| Crypt | 1 | |
| Ziggurat | 11 | |
| Altar of Darkness | 1 | |
| Nerubian Tower | 4 | |
| Graveyard | 1 | |
| Halls of the Dead | 3 | |
| Spirit Tower | 8 | |
| Black Citadel | 2 | |
| Temple of the Damned | 1 | |
| Tomb of Relics | 1 | |
33 total
» build order
00:11 Crypt
00:12 Ziggurat
00:35 Altar of Darkness
01:06 Nerubian Tower
01:20 Ziggurat
02:16 Nerubian Tower
03:09 Graveyard
03:17 Ziggurat
05:02 Halls of the Dead
05:02 Halls of the Dead
05:34 Ziggurat
05:44 Ziggurat
05:58 Ziggurat
06:24 Ziggurat
06:40 Nerubian Tower
06:40 Nerubian Tower
06:41 Spirit Tower
06:42 Spirit Tower
06:42 Spirit Tower
06:50 Spirit Tower
06:50 Spirit Tower
06:50 Spirit Tower
07:25 Black Citadel
07:25 Black Citadel
07:58 Spirit Tower
07:58 Spirit Tower
08:10 Temple of the Damned
08:21 Tomb of Relics
10:34 Ziggurat
11:12 Ziggurat
12:07 Ziggurat
12:55 Ziggurat
Chat log
(00:07 / All) |c00e6ac00Greed: greedisgood
(00:09 / All) |c00e6ac00Greed: whosyourdaddy
(00:13 / All) |c00e6ac00Greed: iseedeadpeople
(00:14 / All) imnumber2: GG cya
(00:22 / All) imnumber2: ey guys hes hacking
(00:25 / All) imnumber2: im reporting
(00:26 / 8) |c005FB404Shrek: I keep getting on 2 stabber team dang
(00:28 / All) |c00e6ac00Greed: it's not a hack lol
(00:35 / All) imnumber2: i know just joking
(00:36 / All) |c00e6ac00Greed: check the forum
(00:38 / All) |c005FB404Shrek: Chiggity shrek youreslf before you wreck yoself
(00:39 / All) |c00e6ac00Greed: it's a glitch
(00:49 / All) imnumber2: lmao
(00:51 / All) |c00e6ac00Greed: yeh you were just pretending to be clueless pink
(00:56 / 7) |c00e6ac00Greed: can you see this
(00:59 / 8) |c005FB404Shrek: yes
(01:01 / All) imnumber2: meeeh
(01:02 / 7) |c00e6ac00Greed: nice
(01:21 / 8) |c005FB404Shrek: whre u
(01:30 / 7) |c00e6ac00Greed: top inside
(01:33 / 7) |c00e6ac00Greed: left inside
(01:51 / 8) |c005FB404Shrek: orc next to me?
(02:01 / 7) |c00e6ac00Greed: undead
(02:05 / 8) |c005FB404Shrek: this is the worst spawn
(02:07 / 7) |c00e6ac00Greed: right inside is orc
(02:16 / Allies) |c00DA81FFlamee: oh shit oj getting serious
(02:19 / 7) |c00e6ac00Greed: what makes that worse than other outside spawns
(02:25 / Allies) EverGreen: serious about?
(02:35 / 8) |c005FB404Shrek: my nat expo is inbewteen enemy and me
(02:37 / All) |c00DA81FFlamee: da creepin skills
(02:42 / Allies) EverGreen: xd
(02:51 / All) |c00e6ac00Greed: this colour glitch is hilarious
(02:59 / 8) |c005FB404Shrek: let me know if undead hits me
(03:03 / All) |c00e6ac00Greed: k
(03:13 / 7) |c00e6ac00Greed: our orc went fs
(03:57 / 7) |c00e6ac00Greed: undead fast expo top left
(04:00 / 7) |c00e6ac00Greed: me top mid
(04:01 / All) |c00DA81FFlamee: truce pink?
(04:07 / All) imnumber2: sure
(04:20 / All) |c005FB404Shrek: pinks should stick together
(04:24 / All) |c00DA81FFlamee: no breaking plz. i wont bat ur base
(04:26 / All) |c005FB404Shrek: one in the pink, two in the stink
(04:29 / All) |c00e6ac00Greed: I'm yellow
(04:31 / All) |c00e6ac00Greed: ingame
(04:34 / All) |c00e6ac00Greed: and gold in name
(04:43 / All) imnumber2: K
(04:44 / All) |c00e6ac00Greed: I'm lucky and greedy
(04:56 / Allies) |c005FB404Shrek: gold?
(05:02 / All) |c00e6ac00Greed: I'm gonna make so much gold this game
(05:48 / Allies) |c00DA81FFlamee: 100 wood dogs
(07:08 / Allies) |c00DA81FFlamee: wood fools ill pay back
(07:22 / Allies) EverGreen: im low or would more
(07:23 / Allies) EverGreen: sorry
(07:44 / All) |c00DA81FFlamee: truce man
(07:52 / All) imnumber2: true
(08:22 / All) |c00DA81FFlamee: assholes got all 4 shredd
(10:56 / All) |c00e6ac00Greed: why did you kill my critter fucker jake
(10:59 / All) |c00DA81FFlamee: it attackedur critter
(11:01 / All) |c00DA81FFlamee: automatically
(11:03 / All) |c00DA81FFlamee: not kidding
(11:19 / All) imnumber2: mhm
(11:23 / All) |c00DA81FFlamee: i give u tp as reimbursement?
(11:29 / All) |c00e6ac00Greed: nah
(11:43 / All) |c00DA81FFlamee: i swear to god
(11:55 / All) |c00e6ac00Greed: I believe you
(12:56 / All) |c00DA81FFlamee: unless right clicking kills critters now
(12:59 / All) |c00DA81FFlamee: which it didnt used to be that way?
(13:14 / Allies) |c00DA81FFlamee: backdoor his expo
(13:15 / All) |c00e6ac00Greed: strange times for war3 right clicking critters to death and coloured names
(13:56 / Allies) EverGreen: ye
(13:58 / Allies) EverGreen: sendin
(14:23 / All) imnumber2: -r
(14:32 / All) EverGreen: some horde vs alliance
(14:33 / All) EverGreen: or what
(14:34 / All) |c005FB404Shrek: sup pink, meet towers, towers, pink
(14:34 / All) EverGreen: xd
(15:21 / All) |c005FB404Shrek: Pink, now meet Moogul, they call him the Sly
(16:11 / All) Ultimatium: lol
(16:13 / All) imnumber2: lmao
(16:17 / All) |c005FB404Shrek: nice attack
(16:18 / All) Ultimatium: noob
(16:54 / Allies) |c00DA81FFlamee: bob
(16:59 / Allies) |c00DA81FFlamee: wyverns
(17:13 / 7) |c00e6ac00Greed: tk
(18:12 / All) |c00DA81FFlamee: almost R rod
(18:18 / All) |c005FB404Shrek: wow
(18:24 / All) |c005FB404Shrek: that's a lot of chippo!
(18:29 / Allies) |c00DA81FFlamee: tp
(18:29 / 8) |c005FB404Shrek: you need gyro
(18:56 / Allies) |c005FB404Shrek: LUMBER
(18:57 / Allies) |c005FB404Shrek: GOLD
(20:07 / Allies) EverGreen: why
(20:09 / Allies) EverGreen: are you tking
(20:12 / Allies) EverGreen: xd
(20:13 / Allies) |c00DA81FFlamee: sorrry mistake
(20:19 / Allies) EverGreen: all g
(20:26 / Allies) |c00DA81FFlamee: ill tpt o my bsae
(20:30 / Allies) |c005FB404Shrek: GOLD
(20:32 / Allies) |c005FB404Shrek: GOLD
(20:33 / Allies) |c005FB404Shrek: GOLD
(20:51 / 8) |c005FB404Shrek: kill orange expo and I take it
(21:20 / Allies) |c00DA81FFlamee: purple bob
(21:23 / Allies) |c00DA81FFlamee: goign to yellow
(21:35 / Allies) EverGreen: can we end this
(21:38 / Allies) EverGreen: please
(22:05 / Allies) EverGreen: dude
(22:06 / Allies) EverGreen: stop
(22:11 / Allies) EverGreen: why do this lol lets just end
(22:12 / All) |c005FB404Shrek: CHIGGITY SHREK YO SELF
(22:17 / All) |c005FB404Shrek: BEFO YOU WRECK YO SELF
(22:50 / All) |c00e6ac00Greed: lol
(23:00 / Allies) EverGreen: dunno whats the point but aite gg
(23:01 / Allies) EverGreen: im out
(23:06 / All) EverGreen: gg
(23:07 / All) |c00e6ac00Greed: why are you killing my peasants
(23:22 / All) |c00e6ac00Greed: move your shit up top by my base
(24:28 / All) |c00DA81FFlamee: luv tap time
(24:54 / All) |c00e6ac00Greed: why you kill that
(25:02 / All) |c005FB404Shrek: it was attacking me peons
(26:25 / All) |c005FB404Shrek: straight up molested
(26:29 / All) |c005FB404Shrek: SHREKT
(27:49 / All) |c00DA81FFlamee: im invisible u cant see me
(28:00 / All) |c005FB404Shrek: YOU'RE A GHOST
(28:07 / All) |c005FB404Shrek: GET YOU GONE TO THE NETHERWORLD, SPIRIT
(28:19 / All) |c00DA81FFlamee: i had 4 hamburgers to eat
(28:24 / All) |c00DA81FFlamee: with mustard
(29:15 / All) |c005FB404Shrek: KUMATE
(29:16 / All) |c005FB404Shrek: KUMATE
(29:18 / All) |c005FB404Shrek: KUMATE
(30:37 / All) |c005FB404Shrek: Sad time to run out of mana, eh?
(32:17 / All) |c005FB404Shrek: rod you there
(32:20 / All) |c00e6ac00Greed: yeah
(32:25 / All) |c005FB404Shrek: Who attacked your peasants
(32:30 / All) |c005FB404Shrek: didn't notice your message at the time
(32:41 / All) |c00e6ac00Greed: oh your stuff at top left killed my peasants
(32:45 / All) |c00e6ac00Greed: when you weren't watching
(32:47 / All) |c005FB404Shrek: MY bad lawl
(32:57 / All) |c00e6ac00Greed: didn't really matter anyway lawl
(34:53 / All) |c005FB404Shrek: You there orange?
(35:03 / All) |c005FB404Shrek: LOL
(35:06 / All) |c005FB404Shrek: stats orange everybody
(35:18 / All) |c005FB404Shrek: Proud to give you this loss, bud!
(35:48 / All) |c005FB404Shrek: Orange you got shrekt, how does it feel?
(35:52 / All) |c00e6ac00Greed: 8-2 now
(36:27 / All) |c005FB404Shrek: Orange I'll give you control let's see what you can do